 Dungeon Crawl Stone Soup version 0.29-a0-317-gd16b76e6b1 (webtiles) character file.

Game seed: 2057928825297097341

130 Leszczynek the Chopper (level 5, -7/41 HPs)
             Began as a Human Gladiator on Apr 1, 2022.
             Was an Initiate of Okawaru.
             Killed by divine providence
             ... invoked by an orc priest
              (14 damage)
             ... on level 3 of the Dungeon.
             The game lasted 00:06:33 (1171 turns).

Leszczynek the Chopper (Human Gladiator)            Turns: 1171, Time: 00:06:33

Health: -7/41      AC: 12    Str: 16    XL:     5   Next: 36%
Magic:  5/5        EV: 12    Int:  9    God:    Okawaru [......]
Gold:   94         SH:  0    Dex: 14    Spells: 4/4 levels left

rFire   . . .      SeeInvis .   a - +0 war axe
rCold   . . .      Faith    .   (no shield)
rNeg    . . .      Spirit   .   t - +0 ring mail
rPois   .          Reflect  .   c - +0 helmet
rElec   .          Harm     .   (no cloak)
rCorr   .          Rampage  .   j - +0 pair of gloves
Will    .....                   r - +0 pair of boots
Stlth   +.........              (no amulet)
HPRegen 0.13/turn               n - +4 ring of protection
MPRegen 0.09/turn               (no ring)

@: no status effects
A: no striking features
a: Renounce Religion


You were on level 3 of the Dungeon.
You worshipped Okawaru.
Okawaru was noncommittal.
You visited 1 branch of the dungeon, and saw 4 of its levels.

You collected 94 gold pieces.

Inventory:

Hand Weapons
 a - a +0 war axe (weapon)
Missiles
 d - 2 throwing nets
 f - a poisoned dart (quivered)
Armour
 c - a +0 helmet (worn)
 j - a +0 pair of gloves (worn)
 r - a +0 pair of boots (worn)
 t - a +0 ring mail (worn)
Jewellery
 n - a +4 ring of protection (left hand)
Scrolls
 l - a scroll of fear {unknown}
 m - 2 scrolls of teleportation
 o - 2 scrolls of immolation {!r}
 p - a scroll of enchant weapon {unknown}
 s - a scroll of magic mapping {unknown}
Potions
 h - 3 potions of haste {unknown}
 i - 2 potions of curing {@q1}
 k - a potion of cancellation
 q - a potion of lignification {unknown}


   Skills:
 * Level 3.3 Fighting
 * Level 4.1 Axes
 + Level 2.7 Throwing
 + Level 3.5 Dodging


You had 4 spell levels left.
You didn't know any spells.
Your spell library contained the following spells:

 Spells                   Type           Power      Damage    Failure   Level
 Pain                     Necr           0%         1d4       61%         1
 Vampiric Draining        Necr           0%         2d6       93%         3
 Passage of Golubria      Tloc           0%         N/A       100%        4
 Fireball                 Conj/Fire      0%         3d3       100%        5
 Yara's Violent Unravell  Hex/Tmut       0%         3d3       100%        5
 Starburst                Conj/Fire      0%         6d3       100%        6
 Ignition                 Fire           0%         3d3       100%        8
 Animate Skeleton         Necr           Unusable   N/A       N/A         1
 Tukima's Dance           Hex            Unusable   N/A       N/A         3

Dungeon Overview and Level Annotations

Branches:
Dungeon (4/15)
 Temple: D:4-7

Altars:
Makhleb
Okawaru
Beogh


Message History

Aim: an orc priest, wielding a +0 dagger (60% to hit)
You throw a poisoned dart.
The poisoned dart barely misses the orc wizard.
The poisoned dart closely misses the orc priest.
The orc wizard casts a spell at you. The magic dart hits you!
Throw: 2 darts (poison)
Press: ? - help, Q - select action, (/) - cycle Shift-Dir - straight line, f - orc wizard
Aim: an orc wizard, wielding a +0 dagger and wearing a +0 robe (heavily wounded, 53% to hit)
You throw a poisoned dart. The poisoned dart hits the orc wizard.
The orc wizard is poisoned.
The orc wizard is heavily wounded.
You hit the orc wizard.
The orc wizard is severely wounded.
The orc wizard misses you.
You closely miss the orc wizard.
The orc wizard is almost dead.
The orc wizard gestures at you while chanting.
The puff of flame hits you but does no damage.
You barely miss the orc wizard.
The orc wizard is almost dead.
You kill the orc wizard!
Okawaru accepts your kill.
The orc priest hits you but does no damage.
Your Axes skill increases to level 4!
You hit the orc priest.
The orc priest is moderately wounded.
The orc priest hits you but does no damage.
You hit the orc priest but do no damage.
The orc priest is moderately wounded.
The orc priest calls down the wrath of Beogh upon you.
Beogh smites you!
You hit the orc priest but do no damage.
The orc priest is moderately wounded.
The orc priest calls down the wrath of Beogh upon you.
Pain shoots through your body!
* * * LOW HITPOINT WARNING * * *
The orc priest mumbles some strange prayers to Beogh against you.
Beogh smites you!
You die...

........(...>....#
...########......# #......#
#......# ##.#..##
...#..####### ####
#######..##....# ##..$#
.........##....#
#$8$8.#########@##....#
#oo$..'.o..####o##....#######
#.##((o.(.#<...........
##o#########.....########
#####........? +++'+.........
#.##o#.####### +'+.########
#......# +_++.## ###.##.###
++ +..# ....##.# .+++++..#


You could see an orc priest.

Vanquished Creatures
  A hound (D:4)
  2 orc wizards (D:3)
  A gnoll (D:4)
  An orc (D:3)
  2 bats
  5 endoplasms
  3 goblins
  2 hobgoblins
  4 jackals (D:2)
  4 kobolds
  2 quokkas
  5 ball pythons
  A frilled lizard (D:2)
  4 rats
37 creatures vanquished.

Notes
Turn   | Place    | Note
-------+----------+-------------------------------------------
     0 | D:1      | Leszczynek the Human Gladiator began the quest for the Orb.
     0 | D:1      | Reached XP level 1. HP: 16/16 MP: 1/1
   143 | D:1      | You fall into a shaft and drop 1 floor!
   146 | D:2      | Reached XP level 2. HP: 20/22 MP: 2/2
   248 | D:1      | +4 AC ring
   356 | D:3      | Found a faded altar of an unknown god.
   428 | D:3      | Reached XP level 3. HP: 26/28 MP: 3/3
   710 | D:4      | Found an iron altar of Okawaru.
   715 | D:4      | Became a worshipper of Warmaster Okawaru
   716 | D:4      | hello
   933 | D:4      | Reached skill level 3 in Fighting
   933 | D:4      | Reached XP level 4. HP: 12/35 MP: 4/4
   941 | D:4      | Found a burning altar of Makhleb.
  1149 | D:3      | Reached XP level 5. HP: 35/41 MP: 5/5
  1169 | D:3      | Reached skill level 4 in Axes
  1171 | D:3      | HP: 7/41 [orc priest/nerve-wracking pain (11)]
  1171 | D:3      | Killed from afar by an orc priest

Illustrated notes

.........# .# ..#......##
#.# #.#.......## ##.#
....>...#..###..#
#.#.....#.......# ##
#.#.#####.......# .# #.#.##
#.......# .#
.....####.......#########.#
##..............@#...#....#
#..#####.....)8...8...8..#
##..............#...#....#
#.#####.......###.###.#.#
#.# #........#...#....# ..#
######.8...8...8..# ####
#...#...#....#
##.###.###...#
#...#...#...##


Turn 248 on D:1: +4 AC ring ..## (....# #.≈..## ###.≈...# ##..§≈...#
#<...≈..##.. ##..§.§..... #.......##. #.....@.# ##............ ##...........
#...≈.....## #...≈.....# ....≈....... .....≈....... .............# Turn 716 on
D:4: hello

Levels and vault maps discovered:
D:1:      psy_arrival_whirlpool, layout_rooms, minmay_stone_trees_small,
          minmay_misc_feat_four_crosses
D:2:      layout_rooms
D:3:      layout_basic, hellmonk_ecumenical_altar_heavens_door,
          kennysheep_orc_chapel
D:4:      layout_cave_pools, mainiacjoe_overflow_boulevard,
          mainiacjoe_overflow_cross_hatched, minmay_temple_entry_arrows

Skill      XL: |  1  2  3  4  5 |
---------------+----------------+-----
Fighting       | 3 |  3.3
Axes           | 4 |  4.1
Throwing       | |  2.7
Dodging        | |  3.5

Action                   |  1- 3 |  4- 6 || total
-------------------------+-------+-------++-------
Melee: War axe           |    86 |    23 ||   109
Throw: Throwing net      |     1 |       ||     1
       Dart              |       |     2 ||     2
       Javelin           |       |     1 ||     1
  Use: Scroll            |     5 |       ||     5
 Stab: Sleeping          |     1 |       ||     1
Armor: Leather armour    |    40 |       ||    40
       Ring mail         |     7 |    16 ||    23
Dodge: Dodged            |    66 |     8 ||    74

Table legend: (Time is in decaauts)
 A = Elapsed time spent in this place.
 B = Non-inter-level travel time spent in this place.
 C = Inter-level travel time spent in this place.
 D = Time resting spent in this place.
 E = Time spent auto-exploring this place.
 F = Levels seen in this place.
 G = Mean time per level.
                   A        B        C        D        E       F      G
               +--------+--------+--------+--------+--------+-----+--------+
         Total |   1249 |   1202 |     47 |      4 |     32 |   4 |  312.2 |
       Dungeon |   1249 |   1202 |     47 |      4 |     32 |   4 |  312.2 |
               +--------+--------+--------+--------+--------+-----+--------+

Top non-repeatable levels by time:
     D:3: 434 daAuts
     D:4: 309 daAuts
     D:2: 275 daAuts
     D:1: 230 daAuts
